 Dungeon Crawl Stone Soup version 0.19.0-16-g73b5abf (webtiles) character file.

8764 Aksej the Carver (level 11, -1/89 HPs)
             Began as a Demonspawn Fighter on Nov 10, 2016.
             Was a Follower of Ru.
             Slain by a hill giant
             ... wielding a +0 giant club
              (34 damage)
             ... on level 10 of the Dungeon.
             The game lasted 00:28:34 (7929 turns).

Aksej the Carver (Demonspawn Fighter)               Turns: 7929, Time: 00:28:34

Health: -1/89      AC: 10    Str: 19    XL:     11   Next: 14%
Magic:  11/11      EV: 11    Int: 12    God:    Ru [*.....]
Gold:   655        SH:  0    Dex: 16    Spells: 0 memorised, 10 levels left

rFire  . . .     SeeInvis .     a - +1 long sword (venom)
rCold  + + .     Gourm    .     m - +0 ice dragon scales
rNeg   . . .     Faith    .     (no shield)
rPois  .         Spirit   .     e - +2 hat
rElec  .         Reflect  .     (no cloak)
rCorr  .         Harm     .     v - +0 pair of gloves
MR     .....     Rnd*Rage +     (boots unavailable)
Stlth  ..........               (no amulet)
                                (no ring)
                                (no ring)

@: mighty, lethally poisoned (-1 -> -8)
A: hooves 3, berserk 1, blink, blurry vision 1, clever 1, deformed body, fire
resistance 1, foul stench 1, powered by death 1, weak 1, augmentation 1, rot
immunity, subdued magic 2, hated by all, sturdy frame 1
a: Blink, Renounce Religion


You were on level 10 of the Dungeon.
You worshipped Ru.
Ru was aware of your devotion.
You were not hungry.

You visited 1 branch of the dungeon, and saw 10 of its levels.

You collected 655 gold pieces.

Inventory:

Hand Weapons
 a - a +1 long sword of venom (weapon)
Missiles
 q - 4 tomahawks of returning
 r - 9 tomahawks (quivered)
 x - 6 javelins
 G - 8 javelins of returning
Armour
 e - a +2 hat (worn)
 m - +0 ice dragon scales (worn)
 s - a +1 pair of boots
 v - a +0 pair of gloves (worn)
Wands
 d - a wand of slowing (37/48)
 i - a wand of digging (10/24)
 k - a wand of iceblast (6/15)
 p - a wand of polymorph (13/24)
 H - a wand of flame (31/48)
Scrolls
 o - 9 scrolls of remove curse
 t - 3 scrolls of magic mapping
 u - 2 scrolls of amnesia
 y - a scroll of enchant weapon
 A - 2 scrolls of blinking
 D - a scroll of recharging
 I - a scroll of teleportation
 J - 2 scrolls of fear
Potions
 b - a potion of magic
 h - a potion of cancellation
 j - 3 potions of brilliance
 B - a potion of curing
 C - a potion of flight
 E - a potion of might
Books
 z - a book of Geomancy

   Spells                             Type                      Level
   a - Sandblast                      Earth                        1
   b - Passwall                       Transmutation/Earth          2
   c - Stone Arrow                    Conjuration/Earth            3
   d - Petrify                        Transmutation/Earth          4
   e - Lee's Rapid Deconstruction     Earth                        5
Comestibles
 c - 3 meat rations
 f - 8 bread rations
 g - 9 beef jerkies
 n - 2 royal jellies
 w - 5 fruits


   Skills:
 * Level 9.0 Fighting
 * Level 12.2 Long Blades
 + Level 0.6 Throwing
 + Level 5.9 Armour
 + Level 2.9 Dodging
 + Level 1.4 Stealth
   Level 2.6 Shields


You had 10 spell levels left.
You didn't know any spells.

Dungeon Overview and Level Annotations

Branches:
Dungeon (10/15)            Temple (0/1) D:4            Lair (0/6) D:9
    Orc (0/2) D:10

Altars:
Dithmenos
Fedhas
Ru
Uskayaw


Innate Abilities, Weirdness & Mutations

You have hooves in place of feet.
You may emit foul miasma when damaged in melee.
You regenerate a little health from kills.
Your magical and physical power is slightly enhanced at high health.
You are immune to rotting.
You are hated by all.
Your movements are slightly less encumbered by armour. (ER -2)
You tend to lose your temper in combat.
You can translocate small distances at will.
Scrolls take you a little longer to read.
Your mind is acute. (Int +2)
Armour fits poorly on your strangely shaped body.
Your flesh is heat resistant. (rF+)
You are weak. (Str -2)
Your spells are easier to cast, but less powerful.


Message History

You feel sick.
The hill giant hits you with a giant club!
You emit a cloud of foul miasma!
You slash the hill giant!
The hill giant is poisoned.
You kick the hill giant, but do no damage.
The hill giant is lightly wounded.
You feel sick.
You barely miss the hill giant. You kick the hill giant.
The hill giant is lightly wounded.
You feel sick.
The hill giant is engulfed in dark miasma.
The hill giant looks even sicker.
The hill giant hits you with a giant club.
The hill giant looks sick.
You feel very mighty all of a sudden.
You feel sick.
The hill giant is engulfed in dark miasma.
The hill giant looks as sick as possible!
The hill giant hits you with a giant club!!
You die...

.#.........)..#
...##########.#
.###
###)####### .#
###..)<......
.#
#.....######.
.# #.....# .#
##.._..#### .#
#..........# .#
#.#.....##@# .
#.########C# ..


WWT >.# YYWY. #.# .#.Y.## # .#.#.## ## ...# #.### You could see a hill giant, 4
yaks, a troll and 3 wraiths.

Vanquished Creatures
  Josephine (D:10)
  Pikel (D:6)
  A komodo dragon (D:9)
  A troll (D:10)
  Grinder (D:4)
  3 hippogriffs
  Sigmund (D:6)
  A wyvern (D:9)
  7 yaks (D:10)
  Eustachio (D:6)
  A hungry ghost (D:9)
  Menkaure (D:4)
  A soldier ant (D:10)
  A water moccasin (D:6)
  4 orc warriors (D:10)
  A black bear (D:9)
  2 sky beasts
  3 ice beasts
  3 ogres
  A necrophage (D:8)
  2 centaurs
  A crocodile (D:10)
  A big kobold (D:9)
  A gnoll sergeant (D:6)
  4 bullfrogs
  2 water moccasin zombies (D:5)
  2 scorpions
  3 wights (D:10)
  A howler monkey (D:4)
  3 crimson imps
  6 centaur zombies
  3 hounds
  2 jellies
  5 bullfrog zombies
  7 orc priests
  A bullfrog skeleton (D:5)
  2 centaur skeletons
  12 orc wizards
  3 iguanas
  8 worker ants
  2 hound skeletons
  A hound zombie (D:5)
  A howler monkey zombie (D:5)
  5 worker ant zombies
  3 gnolls (D:6)
  8 adders
  A shadow imp (D:5)
  2 oozes
  An adder zombie (D:5)
  An adder skeleton (D:5)
  2 worms (D:2)
  3 dart slugs
  5 leopard geckos
  28 orcs
  6 giant cockroaches
  8 goblins
  10 hobgoblins
  16 jackals
  6 quokkas
  A ball python (D:1)
  A ball python skeleton (D:5)
  2 bats
  A frilled lizard (D:2)
  3 giant cockroach zombies (D:5)
  A jackal zombie (D:5)
  18 kobolds
  2 leopard gecko zombies (D:5)
  3 quokka skeletons (D:5)
  3 quokka zombies
  3 rats
  A plant (D:9)
253 creatures vanquished.

Vanquished Creatures (others)
  A two-headed ogre (D:9)
  A slave (D:6)
  A giant cockroach (D:8)
  A plant (D:9)
4 creatures vanquished.

Grand Total: 257 creatures vanquished

Notes
Turn   | Place    | Note
-------+----------+-------------------------------------------
     0 | D:1      | Aksej the Demonspawn Fighter began the quest for the Orb.
     0 | D:1      | Reached XP level 1. HP: 18/18 MP: 1/1
    38 | D:1      | Reached skill level 2 in Long Blades
    75 | D:1      | Gained mutation: Your movements are slightly less encumbered by armour. (ER -2) [demonic ancestry]
    75 | D:1      | Reached XP level 2. HP: 21/24 MP: 2/2
   450 | D:2      | Found a blossoming altar of Fedhas.
   451 | D:2      | Found a sacrificial altar of Ru.
   453 | D:2      | Found a shadowy altar of Dithmenos.
   519 | D:2      | Became a worshipper of Ru the Awakened
   548 | D:2      | Reached XP level 3. HP: 22/29 MP: 3/3
   782 | D:2      | Gained mutation: You are immune to rotting. [demonic ancestry]
   782 | D:2      | Reached XP level 4. HP: 23/37 MP: 4/4
  1291 | D:3      | Reached skill level 3 in Long Blades
  1767 | D:3      | Gained mutation: You have large cloven feet. [demonic ancestry]
  1767 | D:3      | Reached XP level 5. HP: 42/42 MP: 5/5
  1948 | D:3      | Gained mutation: Scrolls take you a little longer to read. [potion of mutation]
  1948 | D:3      | Gained mutation: Your spells are a little easier to cast, but a little less powerful. [potion of mutation]
  1948 | D:3      | Gained mutation: Your flesh is heat resistant. (rF+) [potion of mutation]
  2020 | D:4      | Reached skill level 4 in Long Blades
  2107 | D:4      | Noticed an ogre
  2117 | D:4      | Killed an ogre
  2117 | D:4      | Gained mutation: You regenerate a little health from kills. [demonic ancestry]
  2117 | D:4      | Reached XP level 6. HP: 16/49 MP: 6/6
  2187 | D:4      | Noticed Grinder
  2200 | D:4      | Killed Grinder
  2200 | D:4      | Reached skill level 5 in Long Blades
  2317 | D:4      | Gained mutation: You may emit foul miasma when damaged in melee. [demonic ancestry]
  2317 | D:4      | Reached XP level 7. HP: 48/55 MP: 7/7
  2364 | D:4      | Noticed Menkaure
  2369 | D:4      | Killed Menkaure
  2369 | D:4      | Reached skill level 5 in Fighting
  2369 | D:4      | Reached skill level 6 in Long Blades
  2540 | D:4      | Found a staircase to the Ecumenical Temple.
  2635 | D:5      | Entered Level 5 of the Dungeon
  2821 | D:5      | Reached skill level 1 in Dodging
  2835 | D:5      | Reached skill level 7 in Long Blades
  2843 | D:5      | Gained mutation: You have hoof-like feet. [demonic ancestry]
  2843 | D:5      | Reached XP level 8. HP: 54/62 MP: 8/8
  3140 | D:5      | Reached skill level 8 in Long Blades
  3559 | D:6      | Noticed Eustachio
  3580 | D:6      | Killed Eustachio
  3580 | D:6      | Gained mutation: Your magical and physical power is slightly enhanced at high health. [demonic ancestry]
  3580 | D:6      | Reached XP level 9. HP: 46/69 MP: 9/9
  3635 | D:6      | Reached skill level 9 in Long Blades
  3785 | D:6      | Noticed Sigmund
  3797 | D:6      | Killed Sigmund
  4203 | D:6      | Noticed Pikel
  4225 | D:6      | Killed Pikel
  4225 | D:6      | Reached skill level 1 in Stealth
  4379 | D:6      | Found a hide-covered altar of Uskayaw.
  4756 | D:7      | Reached skill level 10 in Long Blades
  5122 | D:8      | Reached skill level 5 in Armour
  5400 | D:8      | Reached XP level 10. HP: 78/79 MP: 10/10
  5669 | D:9      | Found a staircase to the Lair.
  5705 | D:9      | Gained mutation: You are hated by all. [Ru sacrifice]
  5705 | D:9      | Reached * piety under Ru
  6106 | D:9      | Reached skill level 11 in Long Blades
  6329 | D:10     | Entered Level 10 of the Dungeon
  6461 | D:10     | Found a staircase to the Orcish Mines.
  6513 | D:10     | Gained mutation: Your spells are easier to cast, but less powerful. [mutagenic meat]
  6514 | D:10     | Gained mutation: Armour fits poorly on your strangely shaped body. [mutagenic meat]
  6515 | D:10     | Gained mutation: You tend to lose your temper in combat. [mutagenic meat]
  6516 | D:10     | Gained mutation: You can translocate small distances at will. [mutagenic meat]
  6517 | D:10     | Gained mutation: You are weak. (Str -2) [mutagenic meat]
  6518 | D:10     | Gained mutation: Your mind is acute. (Int +2) [mutagenic meat]
  7122 | D:10     | Reached skill level 12 in Long Blades
  7147 | D:10     | Gained mutation: You have hooves in place of feet. [demonic ancestry]
  7147 | D:10     | Reached XP level 11. HP: 9/87 MP: 11/11
  7601 | D:10     | Found a hide-covered altar of Uskayaw.
  7906 | D:10     | Noticed Josephine
  7911 | D:10     | Noticed a hill giant
  7919 | D:10     | Killed Josephine
  7929 | D:10     | Slain by a hill giant

Skill      XL: |  1  2  3  4  5  6  7  8  9 10 11 |
---------------+----------------------------------+-----
Long Blades    | 2 3 4 5 7 8 10 12 | 12.2
Armour         | 3 5 |  5.9
Fighting       | 4 5 6 7 8 9 |  9.0
Dodging        | 1 2 |  2.9
Stealth        | 1 |  1.4
Throwing       | |  0.6
Shields        | |  2.6

Action                   |  1- 3 |  4- 6 |  7- 9 | 10-12 || total
-------------------------+-------+-------+-------+-------++-------
Melee: Long sword        |   127 |   159 |   570 |   324 ||  1180
       Kick              |       |       |       |    18 ||    18
Throw: Tomahawk          |       |     2 |     3 |     1 ||     6
Invok: Reject Sacrifices |       |     1 |       |       ||     1
       Sacrifice Love    |       |       |       |     1 ||     1
  Use: Scroll            |     4 |     5 |     4 |     6 ||    19
       Potion            |       |     5 |     7 |     5 ||    17
 Stab: Invisible         |       |       |     3 |       ||     3
  Eat: Chunk             |       |     5 |    12 |    12 ||    29
       Meat ration       |       |       |       |     1 ||     1
Armor: Scale mail        |     8 |       |       |       ||     8
       Ice dragon scales |    61 |    86 |   399 |   114 ||   660
Dodge: Dodged            |    78 |    70 |   319 |   114 ||   581
       Rpst.: Long sword |    14 |    17 |    96 |    33 ||   160
